 Dungeon Crawl Stone Soup version 0.30.0-30-g96aa6591b8 (webtiles) character file.

Game seed: 16130916267791450237

2 Peloso the Trooper (level 1, 20/20 HPs)
             Began as a Minotaur Fighter on June 27, 2023.
             Got out of the dungeon alive.
             The game lasted 00:00:59 (160 turns).

Peloso the Trooper (Minotaur Fighter)                Turns: 160, Time: 00:01:00

Health: 20/20      AC:  6    Str: 18 (20) XL:     1   Next: 25%
Magic:  0/0        EV:  9    Int:  4 (5)  God:
Gold:   0          SH:  4    Dex:  6 (9)  Spells: 0/0 levels left

rFire   . . .        a - +1 long sword
rCold   . . .        c - +0 buckler
rNeg    . . .        b - +0 scale mail
rPois   .            (helmet restricted)
rElec   .            (no cloak)
rCorr   .            (no gloves)
SInv    .            (no boots)
Will    .....        (no amulet) Stlth
                     (no ring)
HPRegen 0.23/turn    (no ring)
MPRegen 0.07/turn

%: no passive effects
@: no status effects
A: horns 2, retaliatory headbutt, hooves 1, sense surroundings 1
a: no special abilities


You escaped.
You visited 1 branch of the dungeon, and saw 1 of its levels.

Inventory:

Hand Weapons
 a - a +1 long sword (weapon)
Armour
 b - a +0 scale mail (worn)
 c - a +0 buckler (worn)
Potions
 d - a potion of might


   Skills:
 + Level 3.7 Fighting
 + Level 2.4 Long Blades
 + Level 3.6 Armour
 + Level 3.7 Shields


You couldn't memorise any spells.
You didn't know any spells.
Your spell library was empty.

Dungeon Overview and Level Annotations

Branches:
Dungeon (1/15)

Altars:


Innate Abilities, Weirdness & Mutations

You have a pair of horns on your head.
You reflexively headbutt those who attack you in melee.
You have large cloven feet.
You passively map a small area around you.


Message History

The bat barely misses you. The bat hits you but does no damage. x2
You slash the bat!
You kill the bat!
It was a potion of attraction.
You feel attractive to monsters.
It was a potion of degeneration.
There was something very wrong with that liquid.
You feel weakened.
You feel dopey.
You feel clumsy.
It was a potion of mutation.
You feel extremely strange.
Your feet thicken and deform.
You feel a strange attunement to the structure of the dungeons.
As you read the scroll labelled PEMETU AMYRUKK, it crumbles to dust.
It is a scroll of enchant weapon.
Your +0 long sword glows red for a moment.
As you read the scroll labelled AGRUAF WAWOM PAIL, it crumbles to dust.
The scroll dissolves into smoke.
It was a scroll of fog.
As you read the scroll labelled KIAWOY ZUCLEI, it crumbles to dust.
You feel strangely unstable.
It was a scroll of teleportation.
Your surroundings suddenly seem different.
(D) Dungeon
Where to? (? - help)
What level of the Dungeon? (default 1, ? - help) Sorry, I don't know how to get there.
A bat comes into view.
You block the bat's attack. The bat is attracted toward you.
You closely miss the bat. The bat barely misses you.
A bat is nearby!
You barely miss the bat. You block the bat's attack. The bat barely misses you.
You hit the bat. Your kick misses the bat. Your headbutt misses the bat.
The bat is moderately wounded.
The bat closely misses you. x2; The bat hits you but does no damage.
You slash the bat!
You kill the bat!
You feel less attractive to monsters.
(D) Dungeon
Where to? (Enter - D:1 @ (x,y), ? - help)
There is a staircase leading out of the dungeon here.
Are you sure you want to leave the Dungeon?
This will make you lose the game!
You have escaped!

#.#..#.#..#.# *
#...........## , * ,
##..#.....#.... #
##...##...##...# ,
#.##....###.###..... ,
......###.##.##.###..*
##.##..###)#.#.# *
..## * .
#...###...###.....# #
#.......@.......#>#.#
#...###...###.......*
#..###.#.#.## ... ,
#.###.##.##.###.# * *
#....###.###....# *
##...##(..##...##
#.#####.#.....#..###.#
,,
#....................#
*
#.######.##......###.#


There were no monsters in sight!

Vanquished Creatures
  2 bats (D:1)
2 creatures vanquished.

Notes
Turn   | Place    | Note
-------+----------+-------------------------------------------
     0 | D:1      | Peloso the Minotaur Fighter began the quest for the Orb.
     0 | D:1      | Reached XP level 1. HP: 19/19 MP: 0/0
    91 | D:1      | Gained mutation: You have large cloven feet. [potion of
                  | mutation]
    91 | D:1      | Gained mutation: You passively map a small area around you.
                  | [potion of mutation]
   160 | D:$      | Got out of the dungeon alive.

Illustrated notes

Levels and vault maps discovered:
D:1:      roderic_crossed_star, layout_loops_ring

Action                     || total
---------------------------++-------
  Melee: Long sword        ||    13
    Use: Scroll            ||     3
         Potion            ||     3
 Armour: Scale mail        ||    10
  Dodge: Dodged            ||    13
  Block: Buckler           ||     3
